 Dungeon Crawl Stone Soup version 0.18-a0-721-g8fc53f4 (webtiles) character file.

56 4thArraOfDagon the Firebug (level 3, -2/19 HPs)
             Began as a Deep Elf Fire Elementalist on Dec 8, 2015.
             Was an Initiate of Vehumet.
             Killed by nerve-wracking pain
             ... invoked by an orc priest
              (14 damage)
             ... on level 7 of the Dungeon.
             The game lasted 00:03:13 (413 turns).

4thArraOfDagon the Firebug (DEFE)                    Turns: 413, Time: 00:03:13

Health: -2/19      AC:  2    Str:  5    XL:     3   Next: 71%
Magic:  6/10       EV: 13    Int: 20    God:    Vehumet [......]
Gold:   33         SH:  0    Dex: 15    Spells: 2 memorised, 5 levels left

rFire  . . .     SeeInvis .     e - +0 dagger
rCold  . . .     Clarity  .     a - +0 robe
rNeg   . . .     SustAt   .     (no shield)
rPois  .         Gourm    .     (no helmet)
rElec  .         Spirit   .     (no cloak)
rCorr  .         Dismiss  .     (no gloves)
rMut   .         Stasis   .     (no boots)
MR     .....                    (no amulet)
Stlth  ++........               (no ring)
                                (no ring)

@: not resistant to hostile enchantments, unstealthy
A: no striking features
a: Renounce Religion


You were on level 7 of the Dungeon.
You worshipped Vehumet.
Vehumet was noncommittal.
You were not hungry.

You visited 2 branches of the dungeon, and saw 6 of its levels.

You collected 33 gold pieces.

Inventory:

Hand Weapons
 e - a +0 dagger (weapon)
Armour
 a - a +0 robe (worn)
Jewellery
 m - an uncursed amulet of inaccuracy
Wands
 j - a wand of flame (29)
Scrolls
 h - a scroll of fog {unknown}
 k - a scroll of immolation
Potions
 f - a potion of flight
Books
 b - a book of Flames

   Spells                             Type                      Level
   a - Flame Tongue                   Conjuration/Fire             1
   b - Throw Flame                    Conjuration/Fire             2
   c - Conjure Flame                  Conjuration/Fire             3
   d - Inner Flame                    Hexes/Fire                   3
   e - Sticky Flame                   Conjuration/Fire             4
   f - Fireball                       Conjuration/Fire             5
Comestibles
 c - 2 bread rations
 d - a slice of pizza
 g - 2 fruits
 l - a meat ration


   Skills:
 - Level 2.4 Dodging
 - Level 2.4 Stealth
 + Level 3.5 Spellcasting
 * Level 2.6 Conjurations
 * Level 4.1 Fire Magic


You had 5 spell levels left.
You knew the following spells:

 Your Spells              Type           Power        Failure   Level  Hunger
a - Flame Tongue          Conj/Fire      ###..        3%          1    None
b - Conjure Flame         Conj/Fire      ###.....     12%         3    ###....


Dungeon Overview and Level Annotations

Branches:
Dungeon (7/15)             Temple (1/1) D:7

Altars:
Ashenzari
Dithmenos
Fedhas
Nemelex Xobeh
Pakellas
Qazlal
Trog
Vehumet
Yredelemnul


Message History

The flame tongue hits the orc priest.
The orc priest appears unharmed.
The orc priest hits you with a club.
Casting: Flame Tongue
Confirm with . or Enter, or press ? or * to list all spells.
Aiming: Flame Tongue
Press: ? - help, Shift-Dir - straight line, f/p - orc priest
Aim: an orc priest, wielding a club and wearing a chain mail The flame tongue hits the orc priest.
The orc priest appears unharmed.
The orc priest hits you with a club.
Casting: Flame Tongue
Confirm with . or Enter, or press ? or * to list all spells.
Aiming: Flame Tongue
Press: ? - help, Shift-Dir - straight line, f/p - orc priest
Aim: an orc priest, wielding a club and wearing a chain mail The flame tongue hits the orc priest.
The orc priest is heavily wounded.
The orc priest invokes the aid of Beogh against you.
Pain shoots through your body!
Ouch! That really hurt!
You die...

......................
.................)....
..####....###...##.##.
+######....#####+# .#
.............# #
....../......#
.............#
....?.....o..#
o##..##..##@## ###
#..#### ..$.. ......
....... ......


You could see an orc priest.

Vanquished Creatures
  A scorpion (D:7)
  A giant gecko (D:3)
  2 goblins
  A hobgoblin (D:1)
  4 kobolds
  A rat (D:1)
10 creatures vanquished.

Notes
Turn   | Place    | Note
--------------------------------------------------------------
     0 | D:1      | 4thArraOfDagon the Deep Elf Fire Elementalist began the quest for the Orb.
     0 | D:1      | Reached XP level 1. HP: 10/10 MP: 6/6
   177 | D:3      | Reached XP level 2. HP: 15/15 MP: 6/8
   245 | D:4      | Noticed a scorpion
   277 | D:4      | You fall through a shaft for 3 floors!
   277 | D:7      | Found a staircase to the Ecumenical Temple.
   277 | D:7      | Noticed a scorpion
   285 | D:7      | Killed a scorpion
   285 | D:7      | Reached skill level 4 in Fire Magic
   285 | D:7      | Reached XP level 3. HP: 19/19 MP: 6/10
   290 | Temple   | Entered the Ecumenical Temple
   343 | Temple   | Became a worshipper of Vehumet
   373 | D:7      | Noticed a black bear
   379 | D:7      | Learned a level 3 spell: Conjure Flame
   413 | D:7      | Killed from afar by an orc priest

Vault maps used:
D:1:      lightli_iron_boxes, kennysheep_boxes
D:2:      nicolae_overflow_hidden_temple
D:3:      first_bread, minmay_door_square, lemuel_angel_altar
D:4:      tgw_xom, portal_sewer_entry_e, serial_shops, shop
D:7:      grunt_temple_overflow_gold_and_silver, kennysheep_mini_moat,
          minmay_temple_entry_trees
Temple:   chambers_temple_10

Action                   || total
-------------------------++-------
 Cast: Flame Tongue      ||    24
  Use: Scroll            ||     3
